 Dungeon Crawl Stone Soup version 0.23.2-40-g277498a001 (webtiles) character file.

Game seed: 750408935635470210

147 FishyPogo the Fighter (level 5, -7/51 HPs)
             Began as a Gnoll Wanderer on Oct 4, 2019.
             Killed by nerve-wracking pain
             ... invoked by Grinder
              (8 damage)
             ... on level 3 of the Dungeon.
             The game lasted 00:07:05 (1513 turns).

FishyPogo the Fighter (Gnoll Wanderer)              Turns: 1513, Time: 00:07:06

Health: -7/51      AC:  4    Str: 14    XL:     5   Next: 29%
Magic:  7/7        EV: 13    Int: 15    God:
Gold:   111        SH:  5    Dex: 15    Spells: 6/6 levels left

rFire    . . .     SeeInvis .   c - +0 hand crossbow
rCold    . . .     Gourm    .   x - +0 buckler
rNeg     . . .     Faith    .   f - +0 robe
rPois    .         Spirit   .   k - +0 helmet
rElec    .         Reflect  .   (no cloak)
rCorr    .         Harm     .   o - +0 pair of gloves
MR       .....                  (no boots)
Stlth    ++........             (no amulet)
HPRegen  0.17/turn              (no ring)
MPRegen  0.10/turn              (no ring)

@: flying
A: distributed training, fangs 1, strong nose
a: no special abilities


You were on level 3 of the Dungeon.
You were not hungry.

You visited 1 branch of the dungeon, and saw 3 of its levels.

You collected 111 gold pieces.

Inventory:

Hand Weapons
 a - a +2 shortbow
 b - a +0 hunting sling
 c - a +0 hand crossbow (weapon)
Missiles
 d - 19 bolts (quivered)
 j - 2 stones
 t - 8 arrows
Armour
 f - a +0 robe (worn)
 k - a +0 helmet (worn)
 o - a +0 pair of gloves (worn)
 x - a +0 buckler (worn)
Scrolls
 h - a scroll of identify {unknown}
 i - 2 scrolls of remove curse {unknown}
 l - 2 scrolls of teleportation {unknown}
 p - a scroll of enchant weapon {unknown}
 q - a scroll of noise {unknown}
 u - a scroll of magic mapping {unknown}
Potions
 e - a potion of lignification
 n - a potion of heal wounds {unknown}
 r - a potion of resistance {unknown}
 s - a potion of flight
 v - a potion of haste {unknown}
 w - 2 potions of ambrosia {unknown}
Comestibles
 g - 5 rations
 m - 4 chunks of flesh


   Skills:
 + Level 8.6 Fighting
 + Level 1.4 Short Blades
 + Level 1.4 Long Blades
 + Level 1.4 Axes
 + Level 1.4 Maces & Flails
 + Level 1.4 Polearms
 + Level 1.4 Staves
 + Level 1.4 Slings
 + Level 4.7 Bows
 + Level 1.4 Crossbows
 + Level 2.9 Throwing
 + Level 2.9 Armour
 + Level 2.9 Dodging
 + Level 1.4 Stealth
 + Level 2.9 Shields
 + Level 1.4 Unarmed Combat
 + Level 1.4 Spellcasting
 + Level 1.1 Conjurations
 + Level 1.1 Hexes
 + Level 1.1 Charms
 + Level 1.1 Summonings
 + Level 1.1 Necromancy
 + Level 1.1 Translocations
 + Level 1.1 Transmutations
 + Level 1.1 Fire Magic
 + Level 1.1 Ice Magic
 + Level 1.1 Air Magic
 + Level 1.1 Earth Magic
 + Level 1.1 Poison Magic
 + Level 1.5 Invocations
 + Level 1.4 Evocations


You had 6 spell levels left.
You didn't know any spells.
Your spell library was empty.

Dungeon Overview and Level Annotations

Branches:
Dungeon (3/15)

Altars:

Annotations:
D:3 3 runed translucent doors, Grinder; Shavain's ghost, amateur GrHu


Innate Abilities, Weirdness & Mutations

Your experience applies equally to all skills.
You have very sharp teeth.
Your uncanny sense of smell can sniff out nearby items.


Message History

Grinder hits you!
* * * LOW HITPOINT WARNING * * *
Firing (i - inventory. (/) - cycle)
d - 21 bolts (quivered)
Press: ? - help, Shift-Dir - straight line, f/p - Grinder
Aim: Grinder (severely wounded)
You shoot a bolt. The bolt barely misses Grinder.
You block Grinder's attack. x2
Firing (i - inventory. (/) - cycle)
d - 20 bolts (quivered)
Press: ? - help, Shift-Dir - straight line, f/p - Grinder
Aim: Grinder (severely wounded)
You shoot a bolt. The bolt hits Grinder!
Grinder is almost dead.
Grinder gestures at you. Pain shoots through your body!
* * * LOW HITPOINT WARNING * * *
It was a potion of flight.
You feel very buoyant.
You fly up into the air.
Grinder gestures at you. Pain shoots through your body!
You die...

#.# #.#.# #.# #.#.#
#.###...#
#.#.....### #
#####.#.##.>.....
.%.
#...........#####
#....#.##........#
#(..(.)÷÷........###
#..........@.......#
..(.......5#.###.#.#
#(.........#)# .#.#
#..........#.# #
#..%...((..#..
#########.)#..≈
#$.#...≈ #..##.##≈
.. ..


You could see Grinder.

Vanquished Creatures
  A quasit (D:3)
  Terence (D:3)
  3 adders
  An ooze (D:3)
  2 worms (D:2)
  A leopard gecko (D:1)
  2 orcs (D:3)
  4 giant cockroaches
  7 goblins
  5 hobgoblins
  3 jackals (D:2)
  7 bats
  5 frilled lizards
  6 kobolds
  3 rats
51 creatures vanquished.

Notes
Turn   | Place    | Note
-------+----------+-------------------------------------------
     0 | D:1      | FishyPogo the Gnoll Wanderer began the quest for the Orb.
     0 | D:1      | FishyPogo set off with the following items: a +2 shortbow,
                  | 21 arrows, a +0 hand crossbow, 30 bolts, a potion of
                  | lignification, a +0 robe, a ration
     0 | D:1      | Reached XP level 1. HP: 26/26 MP: 1/1
   105 | D:1      | Reached XP level 2. HP: 33/33 MP: 2/2
   653 | D:1      | Reached XP level 3. HP: 38/38 MP: 3/3
   865 | D:2      | Reached skill level 1 in Invocations
  1006 | D:2      | Reached skill level 1 in Short Blades
  1006 | D:2      | Reached skill level 1 in Long Blades
  1006 | D:2      | Reached skill level 1 in Axes
  1006 | D:2      | Reached skill level 1 in Maces & Flails
  1006 | D:2      | Reached skill level 1 in Polearms
  1006 | D:2      | Reached skill level 1 in Staves
  1006 | D:2      | Reached skill level 1 in Slings
  1006 | D:2      | Reached skill level 1 in Crossbows
  1006 | D:2      | Reached skill level 1 in Stealth
  1006 | D:2      | Reached skill level 1 in Unarmed Combat
  1006 | D:2      | Reached skill level 1 in Spellcasting
  1006 | D:2      | Reached skill level 1 in Evocations
  1006 | D:2      | Reached XP level 4. HP: 45/45 MP: 5/5
  1242 | D:3      | Reached skill level 1 in Conjurations
  1242 | D:3      | Reached skill level 1 in Hexes
  1242 | D:3      | Reached skill level 1 in Charms
  1242 | D:3      | Reached skill level 1 in Summonings
  1242 | D:3      | Reached skill level 1 in Necromancy
  1242 | D:3      | Reached skill level 1 in Translocations
  1242 | D:3      | Reached skill level 1 in Transmutations
  1242 | D:3      | Reached skill level 1 in Fire Magic
  1242 | D:3      | Reached skill level 1 in Ice Magic
  1242 | D:3      | Reached skill level 1 in Air Magic
  1242 | D:3      | Reached skill level 1 in Earth Magic
  1242 | D:3      | Reached skill level 1 in Poison Magic
  1317 | D:3      | Noticed Shavain's ghost (amateur GrHu)
  1318 | D:3      | Found a runed translucent gate.
  1318 | D:3      | Found a runed translucent gate.
  1318 | D:3      | Found a runed translucent gate.
  1470 | D:3      | Noticed Terence
  1486 | D:3      | Killed Terence
  1486 | D:3      | Reached XP level 5. HP: 30/51 MP: 5/7
  1501 | D:3      | Noticed Grinder
  1512 | D:3      | HP: 1/51 [Grinder/nerve-wracking pain (14)]
  1513 | D:3      | Killed from afar by Grinder

Skill      XL: |  1  2  3  4 |
---------------+-------------+-----
Invocations    | 1 |  1.5
Short Blades   | 1 |  1.4
Long Blades    | 1 |  1.4
Axes           | 1 |  1.4
Maces & Flails | 1 |  1.4
Polearms       | 1 |  1.4
Staves         | 1 |  1.4
Slings         | 1 |  1.4
Crossbows      | 1 |  1.4
Stealth        | 1 |  1.4
Unarmed Combat | 1 |  1.4
Spellcasting   | 1 |  1.4
Evocations     | 1 |  1.4
Conjurations   | 1 |  1.1
Hexes          | 1 |  1.1
Charms         | 1 |  1.1
Summonings     | 1 |  1.1
Necromancy     | 1 |  1.1
Translocations | 1 |  1.1
Transmutations | 1 |  1.1
Fire Magic     | 1 |  1.1
Ice Magic      | 1 |  1.1
Air Magic      | 1 |  1.1
Earth Magic    | 1 |  1.1
Poison Magic   | 1 |  1.1
Fighting       | |  8.6
Bows           | |  4.7
Throwing       | |  2.9
Armour         | |  2.9
Dodging        | |  2.9
Shields        | |  2.9

Action                   |  1- 3 |  4- 6 || total
-------------------------+-------+-------++-------
Melee: Shortbow          |       |    19 ||    19
       Bite              |       |     3 ||     3
 Fire: Shortbow          |    80 |     5 ||    85
       Hunting sling     |       |    45 ||    45
       Hand crossbow     |       |    13 ||    13
Throw: Stone             |     2 |       ||     2
  Use: Potion            |       |     1 ||     1
 Stab: Sleeping          |       |     1 ||     1
  Eat: Chunk             |       |     2 ||     2
Armor: Robe              |     2 |    19 ||    21
Dodge: Dodged            |     6 |    44 ||    50
Block: Buckler           |       |     6 ||     6
